 Dungeon Crawl Stone Soup version 0.27-a0-262-gc50aac273e (webtiles) character file.

Game seed: 8957179530289698987

1087906 psychodelta the Conqueror (level 27, -6/300 HPs)
             Began as a Minotaur Fighter on Feb 3, 2021.
             Was the Champion of the Shining One.
             Mangled by an ancient champion
             ... wielding a +1 great mace of flaming
              (11 damage)
             ... on level 3 of the Tomb of the Ancients on Feb 5, 2021.
             The game lasted 03:09:52 (110329 turns).

psychodelta the Conqueror (Minotaur Fighter)      Turns: 110329, Time: 03:09:53

Health: -6/300     AC: 55    Str: 36    XL:     27
Magic:  8/39       EV: 28    Int: 14    God:    the Shining One [******]
Gold:   4945       SH: 23    Dex: 20    Spells: 30/41 levels left

rFire    + + +     SeeInvis +   b - +9 sacred scourge (holy)
rCold    + + +     Faith    .   S - +2 shield of Resistance {rF++ rC++ Will++}
rNeg     + + +     Spirit   .   V - +8 orange crystal plate armour {Archmagi, Int+3 Clar}
rPois    +         Reflect  +   j - +2 hood of the Assassin {Detection Stab+ Stlth++}
rElec    +         Harm     .   K - +2 cloak of the Thief {*Fog Slay-2 SInv Stlth+}
rCorr    .         Rampage  .   l - +2 pair of gloves {archery}
Will     +++++     Clarity  +   s - +2 pair of boots {run}
Stlth    +.........             w - amulet "Rataij" {Reflect rElec rC+ Str+4 Dex+3 SH+5}
HPRegen  0.60/turn              r - ring "Ihedgh" {rF++ Will+ Dex+3 Stlth+}
MPRegen  0.26/turn              U - ring "Vegusum" {*Drain rPois rN+ Will+ Dex+2}

@: slowed, glowing, studying Bows, very slow
A: retaliatory headbutt, horns 2, iridescent scales 1, agile 1, blink, blurry
vision 1, clever 1, robust 1, strong 1, subdued magic 1
}: 8/15 runes: barnacled, slimy, silver, iron, obsidian, icy, bone, gossamer
a: Blink, Renounce Religion, Divine Shield, Cleansing Flame, Summon Divine
Warrior


You were on level 3 of the Tomb of the Ancients.
You worshipped the Shining One.
The Shining One was exalted by your worship.
You visited 18 branches of the dungeon, and saw 90 of its levels.
You also visited: Trove, Sewer, Bailey and Ice Cave.

You collected 34219 gold pieces.
You spent 11368 gold pieces at shops.
You paid 17906 gold pieces to Gozag.

Inventory:

Hand Weapons
 a - a +9 broad axe of electrocution
 b - a +9 sacred scourge of holy wrath (weapon)
Missiles
 u - 75 javelins (quivered)
Armour
 j - the +2 hood of the Assassin (worn) {Detection Stab+ Stlth++}
   (You bought it in a shop on level 1 of the Orcish Mines)

   It makes you much more stealthy.
 l - a +2 pair of gloves of archery (worn)
 s - a +2 pair of boots of running (worn)
 K - the +2 cloak of the Thief (worn) {*Fog Slay-2 SInv Stlth+}
   (You bought it in a shop on level 9 of the Dungeon)

   It affects your accuracy and damage with ranged weapons and melee attacks
   (-2).
   It lets you see invisible.
   It makes you more stealthy.
 S - the +2 shield of Resistance (worn) {rF++ rC++ Will++}
   (You found it on level 5 of the Lair of Beasts)

   It greatly protects you from fire.
   It greatly protects you from cold.
   It affects your willpower, your defense against some magical effects.
 V - the +8 orange crystal plate armour (worn) {Archmagi, Int+3 Clar}
   (You bought it in a shop on level 5 of the Vaults)

   It affects your intelligence (+3).
   It protects you against confusion.
 X - the +9 scales of the Dragon King {rPois rF+ rC+ Will+}
   (You found it on level 5 of the Pits of Slime)

   It protects you from fire.
   It protects you from cold.
   It protects you from poison.
   It affects your willpower, your defense against some magical effects.
Jewellery
 r - the ring "Ihedgh" (left hand) {rF++ Will+ Dex+3 Stlth+}
   (You acquired it on level 3 of the Depths)

   [ring of stealth]

   It affects your dexterity (+3).
   It greatly protects you from fire.
   It affects your willpower, your defense against some magical effects.
   It makes you more stealthy.
 v - an uncursed ring of resist corrosion
 w - the amulet "Rataij" (around neck) {Reflect rElec rC+ Str+4 Dex+3 SH+5}
   (You bought it in a shop on level 2 of the Elven Halls)

   [amulet of reflection]

   It shields you and reflects attacks.
   It affects your strength (+4).
   It affects your dexterity (+3).
   It protects you from cold.
   It insulates you from electricity.
   It affects your SH (+5).
 F - the ring "Micwyept" {+Blink Stlth+}
   (You found it in a treasure trove)

   [ring of stealth]

   It lets you blink.
   It makes you more stealthy.
 P - the ring "Usaumamowu" {rF+ rC+ Str+2 Dex-2}
   (You found it on level 5 of the Pits of Slime)

   [ring of protection from cold]

   It affects your strength (+2).
   It affects your dexterity (-2).
   It protects you from fire.
   It protects you from cold.
 U - the ring "Vegusum" (right hand) {*Drain rPois rN+ Will+ Dex+2}
   (You found it on level 4 of the Shoals)

   [ring of poison resistance]

   It affects your dexterity (+2).
   It protects you from poison.
   It protects you from negative energy.
   It affects your willpower, your defense against some magical effects.
   It causes draining when unequipped.
Wands
 z - a wand of digging (29)
 Q - a wand of acid (41)
 W - a wand of polymorph (53)
Scrolls
 f - 3 scrolls of blinking
 k - 12 scrolls of immolation
 m - 11 scrolls of fear
 o - 34 scrolls of remove curse
 p - 30 scrolls of teleportation
 x - 13 scrolls of identify
 y - a scroll of fog
 B - 5 scrolls of magic mapping
 C - 4 scrolls of holy word
 D - 17 scrolls of amnesia
 G - 2 scrolls of summoning
 I - 7 scrolls of noise
 L - a scroll of brand weapon
 Y - a scroll of enchant weapon
 Z - a scroll of enchant armour
Potions
 c - 13 potions of berserk rage
 d - 3 potions of might
 g - 4 potions of mutation
 h - 40 potions of curing
 i - 10 potions of magic
 q - 2 potions of flight
 t - a potion of ambrosia
 A - 9 potions of heal wounds
 E - 11 potions of lignification
 H - 6 potions of haste
 J - 7 potions of cancellation
 M - 2 potions of resistance
Miscellaneous
 n - a box of beasts
 T - a phantom mirror


   Skills:
 O Level 27 Fighting
 - Level 20.0(20.5) Axes
 - Level 9.6(16.0) Maces & Flails
 + Level 21.7 Throwing
 O Level 27 Armour
 O Level 27 Dodging
 - Level 10.9 Stealth
 - Level 15.0 Shields
 + Level 7.5 Spellcasting
 + Level 8.1 Translocations
 + Level 8.9 Transmutations
 + Level 9.1 Air Magic
 + Level 7.6 Earth Magic
 * Level 26.9 Invocations
 - Level 7.0 Evocations


You had 30 spell levels left.
You knew the following spells:

 Your Spells              Type           Power        Failure   Level
a - Swiftness             Air            35%          1%          2
b - Apportation           Tloc           64%          1%          1
c - Blink                 Tloc           N/A          2%          2
d - Passwall              Tmut/Erth      26%          1%          2
e - Passage of Golubria   Tloc           N/A          16%         4

Your spell library contained the following spells:

 Spells                   Type           Power        Failure   Level
 Beastly Appendage        Tmut           68%          1%          1
 Sandblast                Erth           60%          1%          1
 Wereblood                Tmut           34%          1%          2
 Gell's Gravitas          Tloc           16%          4%          3
 Lesser Beckoning         Tloc           16%          4%          3
 Teleport Other           Tloc           32%          4%          3
 Shock                    Conj/Air       80%          7%          1
 Sting                    Tmut/Pois      80%          7%          1
 Poisonous Vapours        Pois/Air       40%          11%         2
 Airstrike                Air            17%          11%         4
 Petrify                  Tmut/Erth      32%          16%         4
 Spider Form              Tmut/Pois      10%          22%         3
 Static Discharge         Conj/Air       20%          22%         3
 Portal Projectile        Hex/Tloc       38%          26%         3
 Stone Arrow              Conj/Erth      36%          30%         3
 Blade Hands              Tmut           17%          32%         5
 Ignite Poison            Fire/Tmut/Pois 15%          38%         3
 Mephitic Cloud           Conj/Pois/Air  15%          38%         3
 Animate Skeleton         Necr           12%          45%         1
 Corona                   Hex            6%           45%         1
 Foxfire                  Conj/Fire      24%          45%         1
 Freeze                   Ice            24%          45%         1
 Magic Dart               Conj           24%          45%         1
 Summon Small Mammal      Summ           24%          45%         1
 Lee's Rapid Deconstruct  Erth           15%          50%         5
 Call Imp                 Summ           6%           58%         2
 Ensorcelled Hibernation  Hex/Ice        12%          58%         2
 Searing Ray              Conj           12%          58%         2
 Slow                     Hex            6%           58%         2
 Summon Lightning Spire   Summ/Air       20%          58%         4
 Ice Form                 Ice/Tmut       20%          61%         4
 Iskenderun's Mystic Bla  Conj/Tloc      19%          67%         4
 Animate Armour           Summ/Erth      36%          71%         4
 Leda's Liquefaction      Hex/Erth       9%           71%         4
 Call Canine Familiar     Summ           6%           83%         3
 Confusing Touch          Hex            6%           83%         3
 Conjure Flame            Conj/Fire      6%           83%         3
 Dazzling Flash           Conj/Hex       12%          83%         3
 Frozen Ramparts          Ice            12%          83%         3
 Inner Flame              Hex/Fire       6%           83%         3
 Ozocubu's Armour         Ice            6%           83%         3
 Summon Guardian Golem    Hex/Summ       6%           83%         3
 Tukima's Dance           Hex            6%           83%         3
 Vampiric Draining        Necr           3%           83%         3
 Hydra Form               Tmut           17%          89%         6
 Lightning Bolt           Conj/Air       10%          91%         5
 Silence                  Hex/Air        10%          91%         5
 Alistair's Intoxication  Tmut/Pois      13%          92%         5
 Irradiate                Conj/Tmut      10%          92%         5
 Yara's Violent Unravell  Hex/Tmut       10%          92%         5
 Statue Form              Tmut/Erth      21%          94%         6
 Summon Forest            Summ/Tloc      9%           95%         5
 Dispersal                Tloc           16%          95%         6
 Borgnjor's Vile Clutch   Necr/Erth      9%           96%         5
 Animate Dead             Necr           3%           99%         4
 Cause Fear               Hex            3%           99%         4
 Dispel Undead            Necr           6%           99%         4
 Fulminant Prism          Conj/Hex       3%           99%         4
 Hailstorm                Conj/Ice       6%           99%         4
 Olgreb's Toxic Radiance  Pois           6%           99%         4
 Sticky Flame             Conj/Fire      6%           99%         4
 Summon Ice Beast         Ice/Summ       6%           99%         4
 Bolt of Magma            Conj/Fire/Erth 7%           99%         5
 Agony                    Necr           6%           100%        5
 Fireball                 Conj/Fire      3%           100%        5
 Iskenderun's Battlesphe  Conj           6%           100%        5
 Metabolic Englaciation   Hex/Ice        3%           100%        5
 Summon Mana Viper        Hex/Summ       6%           100%        5
 Conjure Ball Lightning   Conj/Air       10%          100%        6
 Death Channel            Necr           3%           100%        6
 Freezing Cloud           Conj/Ice/Air   7%           100%        6
 Invisibility             Hex            6%           100%        6
 Iron Shot                Conj/Erth      9%           100%        6
 Shadow Creatures         Summ           N/A          100%        6
 Simulacrum               Ice/Necr       3%           100%        6
 Starburst                Conj/Fire      3%           100%        6
 Dragon Form              Tmut           17%          100%        7
 Orb of Destruction       Conj           3%           100%        7
 Ozocubu's Refrigeration  Ice            3%           100%        7
 Spellforged Servitor     Conj/Summ      3%           100%        7
 Summon Hydra             Summ           3%           100%        7
 Borgnjor's Revivificati  Necr           3%           100%        8
 Discord                  Hex            3%           100%        8
 Disjunction              Tloc           16%          100%        8
 Ignition                 Fire           3%           100%        8
 Infestation              Necr           3%           100%        8
 Necromutation            Tmut/Necr      10%          100%        8
 Death's Door             Necr           3%           100%        9
 Shatter                  Erth           15%          100%        9
 Tornado                  Air            17%          100%        9


Dungeon Overview and Level Annotations

Branches:
Dungeon (15/15)            Temple (1/1) D:5            Lair (6/6) D:9
 Shoals (4/4) Lair:4       Spider (4/4) Lair:3        Slime (5/5) Lair:5
    Orc (2/2) D:12            Elf (3/3) Orc:2        Vaults (5/5) D:13
  Crypt (3/3) Vaults:2       Tomb (3/3) Crypt:3      Depths (5/5) D:15
   Hell (visited)             Dis (7/7) Hell            Geh (7/7) Hell
    Coc (7/7) Hell            Tar (7/7) Hell            Zot (5/5) Depths:5
  Sewer (visited)          Bailey (visited)           IceCv (visited)

Altars:
Ashenzari
Cheibriados
Dithmenos
Elyvilon
Fedhas
Gozag
Hepliaklqana
Kikubaaqudgha
Makhleb
Nemelex Xobeh
Okawaru
Qazlal
Ru
Sif Muna
Trog
Uskayaw
Vehumet
Wu Jian
Xom
Yredelemnul
Zin
The Shining One
Jiyva

Shops:
D:9 [=   Orc:1 [(!   Orc:2 ([!=   Elf:1 =(!*(   Elf:2 [=   Lair:2 [   Lair:6 [
Spider:1 ?   Vaults:1 :   Vaults:5 [   Depths:1 ?*(   Depths:3 *   Depths:5 *

Portals:
Hell: Depths:1 Depths:2 Depths:3 Depths:4 Depths:5
Abyss: Depths:4 Depths:5
Pandemonium: Depths:3 Depths:5
Ziggurat: Depths:5


Innate Abilities, Weirdness & Mutations

You reflexively headbutt those who attack you in melee.
You have a pair of horns on your head.
You are partially covered in iridescent scales. (AC +2)
You are agile. (Dex +2)
You can translocate small distances at will.
Scrolls take you a little longer to read.
Your mind is acute. (Int +2)
You are robust. (+10% HP)
Your muscles are strong. (Str +2)
Your spells are a little easier to cast, but a little less powerful.


Message History

* * * LOW HITPOINT WARNING * * *
The ancient champion completely misses you.
You furiously retaliate!
You headbutt the ancient champion, but do no damage.
You hear a loud "Zot"!
A mummy comes into view.
Really read with blurry vision while enemies are nearby?
The death scarab barely misses you. The death scarab misses you.
You furiously retaliate!
You headbutt the death scarab, but do no damage.
The death scarab completely misses you. You furiously retaliate!
You headbutt the death scarab, but do no damage.
The ancient champion hits you with a +1 great mace of flaming.
* * * LOW HITPOINT WARNING * * *
The royal mummy casts a spell.
You begin reading the scroll.
You continue reading the scroll.
You block the death scarab's attack. The death scarab misses you.
You block the death scarab's attack. x2
The ancient champion hits you with a +1 great mace of flaming!
You die...

########
#..z@B.#
#.)§†B)#
#.††)††#
#.B(..M#
#†.MMM.#
#..^.3M#4..
M..MMM.'...
.#..sM..#.3.
#....M§#..


You could see 3 royal mummies, an emperor scorpion (summoned), an ancient
champion (fast), 3 mummy priests, 2 guardian mummies, a sixfirhy (summoned), 3
death scarabs and 2 mummies.

Vanquished Creatures
  Asmodeus (Geh:7)
  the Royal Jelly (Slime:5)
  Ereshkigal (Tar:7)
  the Serpent of Hell (Coc:7)
  Dispater (Dis:7)
  2 dread liches (Zot:5)
  7 orbs of fire
  A juggernaut (Depths:2)
  4 ancient liches
  9 royal mummies
  Boris (Tomb:1)
  Margery (Depths:5)
  6 shard shrikes
  7 Killer Klowns
  Bai Suzhen (Vaults:5)
  Geryon (Hell)
  9 golden dragons
  Jory (Crypt:3)
  7 bone dragons
  12 Brimstone Fiends
  2 doom hounds
  4 electric golems
  11 Tzitzimimeh
  A hellephant (Hell)
  Rupert (Lair:3)
  20 tentacled monstrosities
  7 iron giants
  8 Hell Sentinels
  23 Orb Guardians (Zot:5)
  17 Ice Fiends
  The ghost of Dassydak the Tortoise, an adept GrFi of Makhleb (Crypt:2)
  15 liches
  6 titans
  3 deep elf master archers
  The ghost of Ynga the Warrior, an adept OgVM of Dithmenos (Shoals:2)
  23 acid blobs
  3 deep elf blademasters
  9 sphinxes
  25 ancient champions
  7 quicksilver dragons
  7 death cobs
  8 Executioners
  18 storm dragons
  Gastronok (Lair:2)
  13 tengu reavers
  8 draconian monks
  Donald (Vaults:1)
  6 revenants
  21 shadow dragons
  15 fire giants
  14 frost giants
  7 azure jellies
  9 ghost moths
  12 draconian scorchers
  7 iron dragons
  An iron dragon (shapeshifter) (Depths:3)
  A caustic shrike zombie (Crypt:2)
  An orc warlord (Orc:1)
  8 draconian shifters
  7 draconian stormcallers
  12 balrugs
  10 draconian knights
  15 vault wardens
  10 deep elf sorcerers
  8 deep elf elementalists
  52 reapers
  Aizul (Crypt:1)
  A cacodemon (Dis:7)
  8 ghouls
  7 draconian annihilators
  Louise (Spider:2)
  14 war gargoyles
  A juggernaut zombie (Depths:2)
  2 emperor scorpions (Spider:4)
  14 ironheart preservers
  A spriggan defender (Depths:4)
  4 elemental wellsprings (Coc:7)
  20 stone giants
  14 green draconians
  6 bennus
  24 very ugly things
  11 vampire knights
  5 entropy weavers
  13 black draconians
  5 deep elf demonologists
  4 lorocyprocas
  4 white draconians
  14 deep elf annihilators
  A dire elephant (Lair:6)
  19 yellow draconians
  11 red draconians
  8 spark wasps
  11 purple draconians
  2 eidola (Crypt:3)
  4 merfolk javelineers
  A crystal guardian (Depths:3)
  13 blizzard demons
  23 mummy priests
  9 death oozes
  A quicksilver dragon zombie (Geh:5)
  8 deep elf high priests
  21 yaktaur captains
  8 deep elf death magi
  6 jiangshi
  16 fire dragons
  10 merfolk impalers
  3 kraken zombies (Coc:2)
  17 ettins
  6 hydras
  37 vault guards
  Harold (Lair:2)
  19 ice dragons
  10 great orbs of eyes
  7 quicksilver dragon skeletons
  2 ice dragons (shapeshifter)
  5 rakshasas
  19 boulder beetles
  11 spriggan air magi
  4 merfolk avatars
  14 ogre magi
  14 centaur warriors
  8 death knights
  A juggernaut simulacrum (Depths:3)
  4 ghost crabs
  3 merfolk aquamancers
  A monstrous demonspawn (Depths:5)
  8 deep troll shamans
  An alligator (shapeshifter) (Depths:3)
  55 death scarabs
  52 two-headed ogres
  An alligator snapping turtle (Shoals:4)
  10 tengu warriors
  2 satyrs
  Urug (Lair:2)
  11 deep troll earth magi
  9 titan zombies
  18 hell hogs
  2 dancing weapons (Dis:7)
  A shock serpent (shapeshifter) (Depths:3)
  6 death yaks
  7 vampire magi
  Nergalle (Lair:3)
  3 spriggan berserkers
  19 sun demons
  10 titan skeletons
  25 deep elf knights
  2 iron golems (Hell)
  Sonja (D:11)
  2 storm dragon zombies
  56 hell knights
  5 shadow wraiths
  147 skeletal warriors
  23 soul eaters
  11 sea snakes
  8 iron trolls
  2 storm dragon skeletons
  2 spark wasp zombies (Depths:2)
  14 shadow demons (Tar:7)
  3 ghost moth zombies
  7 flayed ghosts
  37 deep trolls
  5 unseen horrors
  5 golden dragon zombies
  A goliath frog (shapeshifter) (Vaults:5)
  2 bog bodies (Crypt:2)
  14 deep elf archers
  4 lindwurms (Lair:5)
  6 wizards
  6 glowing orange brains
  8 golden dragon skeletons
  8 anaconda zombies
  29 harpies
  Pikel (D:3)
  7 shadow dragon zombies
  16 ironbrand convokers
  18 necromancers
  4 wolf spider zombies
  An orb spider (shapeshifter) (Depths:2)
  8 anaconda skeletons
  44 deep elf zephyrmancers
  59 ugly things
  3 orc sorcerers
  10 phantasmal warriors
  14 orb spiders
  38 deep elf pyromancers
  5 shadow dragon skeletons
  4 shining eyes
  16 orc knights
  4 oklob plants (Lair:1)
  11 fire giant zombies
  9 stone giant zombies
  29 wolf spiders
  2 iron dragon zombies (Geh:7)
  29 moths of wrath
  17 manticores
  5 fauns
  7 iron dragon skeletons
  A faun (shapeshifter) (Depths:4)
  12 cyclopes
  Joseph (D:9)
  A moth of wrath (shapeshifter) (Vaults:5)
  2 dire elephant zombies
  3 black mambas
  An elephant (shapeshifter) (Vaults:5)
  7 elephants
  6 frost giant skeletons
  7 merfolk sirens
  3 ice statues
  29 rust devils
  7 stone giant skeletons
  10 vault sentinels
  5 fire giant skeletons
  12 molten gargoyles
  9 water nymphs
  9 smoke demons
  A naga mage (Depths:3)
  5 spectral swamp worms (Tar:7)
  3 torpor snails
  6 eyes of devastation
  4 dire elephant skeletons
  5 orange demons
  20 cane toads
  A rime drake (shapeshifter) (Vaults:1)
  9 rime drakes
  2 red draconian zombies
  2 shock serpent skeletons
  32 tormentors
  3 efreet
  20 hellions
  65 yaktaurs
  12 komodo dragons
  2 kobold demonologists (D:13)
  50 ice devils
  3 catoblepas zombies
  A golden dragon simulacrum (Crypt:1)
  Psyche (D:8)
  2 emperor scorpion zombies
  46 freezing wraiths
  5 tengu conjurers
  4 anaconda simulacra
  8 demonic crawlers
  39 guardian mummies
  An iron troll skeleton (Crypt:3)
  27 red devils
  3 polar bears
  2 harpy zombies
  33 merfolk
  2 trolls (shapeshifter)
  2 merfolk (shapeshifter)
  3 silent spectres
  2 hellwings (Dis:2)
  8 hydra zombies
  24 jumping spiders
  Prince Ribbit (D:6)
  A tyrant leech (shapeshifter) (Vaults:3)
  11 hornets
  A shadow dragon simulacrum (Coc:7)
  12 wind drakes
  2 harpy skeletons
  8 hydra skeletons
  13 trolls
  6 ettin zombies
  94 slime creatures
  A raiju (shapeshifter) (Depths:4)
  4 ice dragon zombies
  5 alligator zombies
  A spriggan zombie (Depths:2)
  4 fire dragon zombies
  9 snapping turtles
  7 blink frogs
  3 dream sheep (Shoals:3)
  A guardian serpent zombie (Crypt:3)
  A meliai zombie (Crypt:2)
  4 ettin skeletons
  118 flying skulls
  3 centaur simulacra
  A spriggan (Depths:4)
  A spriggan (shapeshifter) (Vaults:4)
  28 tarantellas
  6 ice dragon skeletons
  A vampire (D:12)
  30 wraiths
  27 shadows
  22 water elementals
  2 alligator skeletons
  A black mamba zombie (Dis:2)
  40 yaks
  A fire giant simulacrum (Depths:2)
  5 fire dragon skeletons
  Eustachio (D:6)
  2 air elementals
  3 dire elephant simulacra (IceCv)
  60 redbacks
  3 wyverns
  The ghost of ma3 the Magician, an amateur SpEE (D:4)
  29 fire elementals
  4 ushabtiu (Tomb:1)
  2 golden eyes (Slime:2)
  4 basilisks
  2 vampire mosquitoes (D:14)
  A steam dragon (shapeshifter) (Vaults:5)
  A death yak simulacrum (IceCv)
  Grum (D:8)
  2 steam dragons
  3 harpy simulacra (IceCv)
  6 iron troll simulacra (IceCv)
  6 wargs
  2 soldier ants
  A naga (shapeshifter) (Vaults:5)
  6 acid dragons
  A two-headed ogre zombie (D:12)
  22 water moccasins
  A merfolk skeleton (Geh:7)
  5 hydra simulacra
  An orb spider zombie (Crypt:1)
  44 hell hounds
  10 cane toad zombies
  A hornet zombie (Crypt:3)
  4 cane toad skeletons
  9 ice beasts
  2 snapping turtle zombies
  39 orc warriors
  4 sky beasts
  8 eyes of draining
  5 black bears
  4 manticore zombies
  27 necrophages
  44 ogres
  3 swamp dragon zombies
  17 boggarts
  A hog zombie (Crypt:1)
  14 wolves
  A tengu (shapeshifter) (D:13)
  6 snapping turtle skeletons
  2 lemures (D:4)
  A rime drake zombie (Crypt:1)
  4 phantoms
  29 centaurs
  A swamp dragon skeleton (Dis:2)
  An elephant skeleton (Crypt:3)
  A big kobold (shapeshifter) (Vaults:3)
  2 manticore skeletons
  A rime drake skeleton (Crypt:1)
  7 big kobolds
  20 bullfrogs
  2 earth elementals
  A gnoll sergeant (D:11)
  A wyvern zombie (D:13)
  A water moccasin zombie (D:8)
  8 scorpions
  2 troll zombies (D:12)
  A water moccasin skeleton (D:11)
  A warg zombie (Crypt:3)
  9 killer bees
  A swamp dragon simulacrum (Coc:7)
  78 wights
  2 howler monkeys
  A spriggan skeleton (Crypt:3)
  3 electric eels
  5 crimson imps
  4 bullfrog zombies
  A wolf skeleton (Crypt:2)
  4 bullfrog skeletons
  5 centaur zombies
  4 draconian simulacra (IceCv)
  A human simulacrum (Vaults:2)
  13 jellies
  11 hounds
  Crazy Yiuf (D:3)
  10 centaur skeletons
  14 iron imps
  17 orc priests
  Jessica (D:3)
  8 iguanas
  23 orc wizards
  2 polar bear simulacra (IceCv)
  13 worker ants
  9 hell rats (Hell)
  2 troll simulacra (IceCv)
  A wolf simulacrum (IceCv)
  6 ogre zombies
  A dwarf zombie (Crypt:2)
  A felid skeleton (Crypt:2)
  A naga skeleton (Coc:7)
  A tengu skeleton (Coc:7)
  An ogre skeleton (Crypt:3)
  A hound skeleton (D:11)
  45 mummies
  Robin (D:2)
  19 gnolls
  6 river rats (Sewer)
  23 adders
  4 naga simulacra (IceCv)
  An ogre simulacrum (IceCv)
  A river rat (shapeshifter) (Vaults:5)
  11 shadow imps
  42 white imps
  6 ufetubi (IceCv)
  12 oozes
  3 adder zombies
  2 adder skeletons
  4 worms (D:3)
  A worm (shapeshifter) (Vaults:5)
  2 dart slugs
  10 leopard geckos
  90 orcs
  6 ball pythons
  8 bats
  3 giant cockroaches
  23 goblins
  17 hobgoblins
  13 jackals
  3 quokkas
  A ball python skeleton (Crypt:1)
  3 goblin skeletons
  6 goblin zombies (D:12)
  A jackal skeleton (Crypt:2)
  56 kobolds
  A kobold zombie (Tar:4)
  6 orc skeletons
  13 orc zombies (D:12)
  A quokka skeleton (Crypt:2)
  A quokka zombie (D:7)
  22 rats
  A rat skeleton (Crypt:1)
  2 river rat skeletons (Crypt:3)
  7 tentacles (Coc:2)
4365 creatures vanquished.

Vanquished Creatures (collateral kills)
  Antaeus (Coc:7)
  An ancient lich (Tar:5)
  3 royal mummies
  5 shard shrikes (Coc:7)
  An iron giant (Dis:7)
  A Tzitzimitl (Tar:2)
  2 Brimstone Fiends (Dis:7)
  2 Hell Sentinels (Dis:7)
  2 Orb Guardians (Zot:5)
  2 Ice Fiends (Coc:7)
  A quicksilver dragon (Dis:7)
  A death cob (Zot:5)
  2 ancient champions (Dis:7)
  A sphinx (Tomb:1)
  2 shadow dragons
  An azure jelly (Slime:5)
  3 balrugs
  2 cacodemons (Dis:7)
  4 reapers
  3 war gargoyles (Dis:7)
  An elemental wellspring (Coc:7)
  A vampire knight (Tar:4)
  2 bennus
  2 green deaths (Dis:7)
  2 death oozes (Slime:5)
  A blizzard demon (Dis:7)
  2 great orbs of eyes (Slime:5)
  An ice dragon (Coc:7)
  A spectral kraken (Tar:7)
  12 death scarabs
  A dancing weapon (Dis:7)
  7 hell knights
  A sun demon (Geh:7)
  A titan skeleton (Coc:7)
  A storm dragon skeleton (Tar:7)
  6 skeletal warriors
  2 flayed ghosts
  An anaconda zombie (Coc:7)
  2 golden dragon zombies
  3 shadow demons (Tar:7)
  3 necromancers
  A shadow dragon skeleton (Coc:7)
  2 frost giant zombies
  A wolf spider zombie (Tomb:2)
  2 iron dragon zombies
  A fire giant zombie (Dis:7)
  2 fire giant skeletons (Geh:7)
  2 ice statues (Coc:7)
  6 rust devils (Dis:7)
  A molten gargoyle (Geh:7)
  3 spectral swamp worms (Tar:7)
  3 hellions
  5 freezing wraiths
  2 tormentors
  5 red devils (Geh:7)
  4 ice devils
  6 guardian mummies
  A hydra zombie (Coc:7)
  A hydra skeleton (Tar:7)
  2 alligator zombies (Coc:7)
  18 flying skulls
  A frost giant simulacrum (Coc:7)
  An ettin zombie (Coc:7)
  A wraith (Dis:7)
  A water elemental (Coc:7)
  A black mamba skeleton (Tar:7)
  2 shadows
  An ushabti (Tomb:1)
  A fire elemental (Geh:7)
  6 hell hounds
  An ice beast (Coc:7)
  A necrophage (Tar:7)
  A manticore zombie (Dis:7)
  9 wights
  A human zombie (Dis:7)
  3 iron imps (Dis:7)
  2 shadow imps (Tar:7)
  4 white imps (Coc:7)
  2 tentacles (Tar:7)
200 creatures vanquished.

Vanquished Creatures (others)
  2 deep elf annihilators
  An ogre mage (Vaults:5)
  A merfolk aquamancer (Shoals:4)
  32 dancing weapons
  2 deep elf zephyrmancers
  A hydra zombie (Coc:7)
  A slime creature (Slime:4)
  2 flying skulls
  2 redbacks (Spider:2)
  A hell hound (Geh:7)
  A boggart (Vaults:3)
  An ogre (Vaults:5)
  A wight (Coc:2)
  An iron imp (Dis:7)
  A hell rat (Hell)
  A mummy (Tomb:2)
  A white imp (Coc:2)
  An orc (Vaults:4)
  A kobold skeleton (Geh:4)
  39 fungi
  158 plants
  21 tentacles
272 creatures vanquished.

Grand Total: 4837 creatures vanquished

Notes
Turn   | Place    | Note
-------+----------+-------------------------------------------
     0 | D:1      | psychodelta the Minotaur Fighter began the quest for the
                  | Orb.
     0 | D:1      | Reached XP level 1. HP: 19/19 MP: 0/0
    98 | D:1      | Reached XP level 2. HP: 20/27 MP: 1/1
  1073 | D:2      | Reached XP level 3. HP: 34/34 MP: 2/2
  1101 | D:2      | Found a burning altar of Makhleb.
  1106 | D:2      | Noticed Robin
  1163 | D:2      | Killed Robin
  1164 | D:2      | Reached XP level 4. HP: 41/41 MP: 3/3
  1456 | D:2      | Found a faded altar of an unknown god.
  1767 | D:3      | Found a runed translucent door.
  1768 | D:3      | Noticed Crazy Yiuf
  1775 | D:3      | Killed Crazy Yiuf
  1776 | D:3      | Reached skill level 5 in Fighting
  1776 | D:3      | Reached XP level 5. HP: 36/48 MP: 4/4
  1866 | D:3      | Reached skill level 5 in Axes
  1869 | D:3      | Reached skill level 1 in Dodging
  1966 | D:3      | Noticed Jessica
  1979 | D:3      | Killed Jessica
  2088 | D:3      | Reached XP level 6. HP: 45/56 MP: 5/5
  2602 | D:4      | Noticed Pikel
  2627 | D:3      | Killed Pikel
  2628 | D:3      | Reached skill level 5 in Shields
  2628 | D:3      | Reached XP level 7. HP: 31/63 MP: 6/6
  2906 | D:4      | Reached skill level 5 in Armour
  3086 | D:4      | Found a runed translucent gate.
  3086 | D:4      | Found a runed translucent gate.
  3086 | D:4      | Noticed ma3's ghost (amateur SpEE)
  3090 | D:4      | Found a runed translucent gate.
  3207 | D:4      | Reached XP level 8. HP: 43/71 MP: 7/7
  3553 | D:5      | Entered Level 5 of the Dungeon
  3591 | D:5      | Found a snail-covered altar of Cheibriados.
  4045 | D:5      | Found a staircase to the Ecumenical Temple.
  4056 | Temple   | Entered the Ecumenical Temple
  4181 | Temple   | Became a worshipper of Gozag Ym Sagoz the Greedy
  4487 | D:6      | Found a glowing drain.
  4497 | Sewer    | Entered a sewer
  5351 | D:6      | Reached XP level 9. HP: 78/79 MP: 8/8
  5467 | D:6      | Noticed Eustachio
  5493 | D:6      | Killed Eustachio
  5580 | D:6      | Noticed Prince Ribbit
  5590 | D:6      | Killed Prince Ribbit
  5591 | D:6      | Reached skill level 5 in Dodging
  5760 | D:6      | Got a slimy ring mail
  5771 | D:6      | Identified the +7 ring mail of Wasted Space {rF+} (You
                  | found it on level 6 of the Dungeon)
  6213 | D:7      | Found an ancient bone altar of Kikubaaqudgha.
  6277 | D:7      | Reached skill level 1 in Evocations
  6282 | D:7      | Reached skill level 10 in Axes
  6779 | D:4      | Killed ma3's ghost
  6879 | D:8      | Reached XP level 10. HP: 80/90 MP: 9/9
  7181 | D:8      | Noticed a red ugly thing
  7198 | D:8      | Killed a red ugly thing
  7499 | D:8      | Noticed Psyche
  7507 | D:8      | Killed Psyche
  7573 | D:8      | Found a sparkling altar of Nemelex Xobeh.
  7573 | D:8      | Found a burning altar of Makhleb.
  7606 | D:8      | Found a basalt altar of Yredelemnul.
  7656 | D:8      | Noticed Grum
  7673 | D:8      | Killed Grum
  7932 | D:9      | Found a staircase to the Lair.
  7982 | D:9      | Noticed Joseph
  7999 | D:9      | Killed Joseph
  8019 | D:9      | Reached skill level 10 in Fighting
  8118 | D:9      | Reached XP level 11. HP: 99/99 MP: 10/10
  8156 | D:9      | Found a bloodstained altar of Trog.
  8195 | D:9      | Bought the +2 cloak of the Thief {*Fog Slay-2 SInv Stlth+}
                  | for 201 gold pieces
  8195 | D:9      | Found the +2 cloak of the Thief {*Fog Slay-2 SInv Stlth+}
  8447 | D:10     | Entered Level 10 of the Dungeon
  8806 | D:9      | Noticed a two-headed ogre
  8815 | D:9      | Killed a two-headed ogre
  9612 | D:10     | Noticed a deep troll
  9885 | D:9      | Gained mutation: Your spells are a little easier to cast,
                  | but a little less powerful. [you]
 10365 | D:11     | Noticed an unseen horror
 10380 | D:11     | Killed an unseen horror
 10504 | D:11     | Noticed Sonja
 10533 | D:11     | Killed Sonja
 10672 | D:11     | Noticed a deep elf pyromancer
 10681 | D:11     | Killed a deep elf pyromancer
 10806 | D:11     | Noticed an eight-headed hydra
 10941 | Lair:1   | Entered Level 1 of the Lair of Beasts
 11491 | Lair:1   | Noticed an oklob plant
 11500 | Lair:1   | Reached XP level 12. HP: 111/111 MP: 11/11
 12353 | Lair:2   | Noticed Harold
 12595 | Lair:2   | Reached skill level 5 in Evocations
 12618 | Lair:2   | Reached skill level 10 in Armour
 12632 | Lair:2   | Killed Harold
 12669 | Lair:2   | Reached skill level 10 in Shields
 12929 | Lair:2   | Noticed a death yak
 12930 | Lair:2   | Noticed a death yak
 12986 | Lair:1   | Killed a death yak
 13000 | Lair:2   | Killed a death yak
 13091 | Lair:2   | Noticed Gastronok
 13107 | Lair:2   | Killed Gastronok
 13464 | Lair:2   | Noticed Urug
 13486 | Lair:2   | Killed Urug
 14135 | Lair:2   | Noticed a death yak
 14135 | Lair:2   | Noticed a death yak
 14136 | Lair:2   | Noticed a death yak
 14136 | Lair:2   | Noticed a death yak
 14154 | Lair:2   | Killed a death yak
 14155 | Lair:2   | Reached XP level 13. HP: 96/119 MP: 12/12
 14474 | Lair:2   | Bought a +2 kite shield of protection for 279 gold pieces
 14679 | Lair:3   | Noticed Rupert
 14696 | Lair:3   | Killed Rupert
 15331 | Lair:3   | Noticed Nergalle
 15347 | Lair:3   | Killed Nergalle
 15512 | Lair:3   | Found a hole to the Spider Nest.
 16161 | Lair:3   | Got a buzzing ring mail
 16195 | Lair:3   | Got a brightly glowing scale mail
 16208 | Lair:3   | Identified the +8 ring mail of Defence {+Inv rElec Str+2}
                  | (You found it on level 3 of the Lair of Beasts)
 16218 | Lair:3   | Identified the cursed +0 scale mail of the Mind {Will++
                  | Slay+6} (You found it on level 3 of the Lair of Beasts)
 17125 | Lair:4   | Found a shadowy altar of Dithmenos.
 17202 | Lair:4   | Found a staircase to the Shoals.
 17289 | Lair:4   | Reached skill level 1 in Stealth
 17413 | Lair:4   | Reached skill level 15 in Axes
 18501 | Lair:5   | Found a staircase to the Slime Pits.
 18649 | Lair:5   | Found the +2 shield of Resistance {rF++ rC++ Will++}
 19465 | Lair:6   | Entered Level 6 of the Lair of Beasts
 19481 | Lair:6   | Reached skill level 10 in Dodging
 19899 | Lair:6   | Reached XP level 14. HP: 108/129 MP: 13/13
 20203 | Lair:6   | Bought a pair of embroidered boots for 187 gold pieces
 20213 | Lair:6   | Identified a +2 pair of boots of running (You bought it in
                  | a shop on level 6 of the Lair of Beasts)
 22071 | D:11     | Got an ancient flail
 22072 | D:11     | Identified the cursed +1 flail "Koguxoasy" {vamp, *Slow
                  | Dex+7 Stlth+} (You found it on level 11 of the Dungeon)
 22816 | D:12     | Found a staircase to the Orcish Mines.
 23262 | D:13     | Found a flagged portal.
 23294 | Bailey   | Entered a bailey
 23923 | D:13     | Reached XP level 15. HP: 119/139 MP: 14/14
 24071 | D:13     | Found a gate to the Vaults.
 24885 | Orc:1    | Entered Level 1 of the Orcish Mines
 24902 | Orc:1    | Reached skill level 15 in Fighting
 24957 | Orc:1    | Found Pewadergh's Antique Armour Boutique.
 25063 | Orc:1    | Noticed an orc warlord
 25093 | Orc:1    | Killed an orc warlord
 25866 | Orc:2    | Entered Level 2 of the Orcish Mines
 26200 | Orc:2    | Found Ruwn's Armour Boutique.
 26201 | Orc:2    | Found Fagarux's Antique Weapon Shop.
 26461 | Orc:2    | Found Usmee's Distillery.
 26472 | Orc:2    | Found Ysurreog's Jewellery Shop.
 26512 | Orc:2    | Found a staircase to the Elven Halls.
 26843 | Orc:1    | Bought a scorched chain mail for 266 gold pieces
 26843 | Orc:1    | Bought a jewelled ring mail for 252 gold pieces
 26853 | Orc:1    | Identified the +10 chain mail of Aliane {MP+9} (You bought
                  | it in a shop on level 1 of the Orcish Mines)
 26863 | Orc:1    | Identified the +1 ring mail of Qimerchi {+Fly} (You bought
                  | it in a shop on level 1 of the Orcish Mines)
 26942 | Orc:1    | Bought a potion of heal wounds for 70 gold pieces
 26942 | Orc:1    | Bought a potion of haste for 140 gold pieces
 26942 | Orc:1    | Bought a potion of haste for 140 gold pieces
 26942 | Orc:1    | Bought a potion of heal wounds for 70 gold pieces
 26942 | Orc:1    | Bought a potion of haste for 140 gold pieces
 26942 | Orc:1    | Bought a potion of berserk rage for 70 gold pieces
 26942 | Orc:1    | Bought a potion of lignification for 42 gold pieces
 27005 | Orc:2    | Bought a potion of heal wounds for 85 gold pieces
 27005 | Orc:2    | Bought a potion of heal wounds for 85 gold pieces
 27011 | Orc:2    | Bought a potion of might for 68 gold pieces
 27230 | D:14     | Found a shimmering blue altar of Sif Muna.
 27820 | D:14     | Found the ring of the Hare {EV+8}
 27890 | D:15     | Entered Level 15 of the Dungeon
 28057 | D:15     | Reached XP level 16. HP: 152/152 MP: 15/15
 28881 | D:15     | Found a staircase to the Depths.
 29401 | D:9      | Bought an uncursed ring of poison resistance for 260 gold
                  | pieces
 29469 | Spider:1 | Entered Level 1 of the Spider Nest
 29580 | Spider:1 | Found a frozen archway.
 29610 | IceCv    | Entered an ice cave
 30573 | IceCv    | Noticed an Ice Fiend
 30589 | IceCv    | Killed an Ice Fiend
 31672 | Spider:1 | Reached skill level 15 in Shields
 32079 | Spider:1 | Bought a scroll of identify for 40 gold pieces
 32079 | Spider:1 | Bought a scroll of identify for 40 gold pieces
 32079 | Spider:1 | Bought 2 scrolls of identify for 80 gold pieces
 32079 | Spider:1 | Bought a scroll of blinking for 150 gold pieces
 32079 | Spider:1 | Bought a scroll of identify for 40 gold pieces
 32085 | Spider:1 | Reached XP level 17. HP: 163/163 MP: 16/16
 32189 | Spider:2 | Reached skill level 15 in Armour
 32656 | Spider:2 | Noticed Louise
 32687 | Spider:2 | Killed Louise
 34263 | Spider:4 | Entered Level 4 of the Spider Nest
 34370 | Spider:4 | Reached XP level 18. HP: 173/173 MP: 17/17
 35431 | Spider:4 | Reached skill level 5 in Stealth
 36270 | Spider:4 | Paralysed by a hornet for 2 turns
 36571 | Spider:4 | Got a gossamer rune of Zot
 36882 | Vaults:1 | Entered Level 1 of the Vaults
 36989 | Vaults:1 | Identified the +2 kite shield of the Unbroken {rPois Int+3
                  | Dex-2}
 36989 | Vaults:1 | Noticed Donald
 37002 | Vaults:1 | Killed Donald
 38215 | Vaults:1 | Found Wuifyzyrgh's Book Shop.
 39012 | Vaults:2 | Found a shimmering altar of Xom.
 39540 | Vaults:2 | Found a staircase to the Crypt.
 39540 | Vaults:2 | Found an ancient bone altar of Kikubaaqudgha.
 39540 | Vaults:2 | Found a basalt altar of Yredelemnul.
 39576 | Vaults:2 | Reached XP level 19. HP: 185/185 MP: 18/18
 39582 | Vaults:2 | Reached skill level 1 in Throwing
 40418 | Vaults:3 | You fall into a shaft and drop 1 floor!
 40537 | Vaults:4 | Reached skill level 15 in Dodging
 41713 | Vaults:3 | Identified the +4 spear "Imoschurph" {vorpal, *Corrode
                  | Will+++ MP+9 Dex-4}
 43019 | Vaults:3 | Reached skill level 5 in Throwing
 43034 | Vaults:3 | Identified the cursed +1 plate armour "Bojadegu" {rF+
                  | Slay+2}
 43460 | Vaults:3 | Got a dazzling cloak
 43471 | Vaults:3 | Identified the +0 cloak of Ovaraeth {rC+ Int+2 Dex+2} (You
                  | found it on level 3 of the Vaults)
 43707 | Vaults:4 | Reached XP level 20. HP: 188/198 MP: 19/19
 44407 | Vaults:4 | Found a portal to a secret trove of treasure.
 45552 | Vaults:4 | HP: 1/200 [phantasmal warrior[a death knight] (26)]
 46172 | Elf:1    | Entered Level 1 of the Elven Halls
 46393 | Elf:1    | Found Vulos's General Store.
 46482 | Elf:1    | Found Ogiliuq's Distillery.
 46500 | Elf:1    | Bought 2 potions of heal wounds for 140 gold pieces
 46712 | Elf:1    | Found Lutil's Weapon Shop.
 46935 | Elf:1    | Found Baryda's Jewellery Boutique.
 47180 | Elf:1    | Found Wautukhle's Antique Weapon Emporium.
 47783 | Elf:2    | Reached XP level 21. HP: 183/210 MP: 20/20
 48489 | Elf:2    | Found a huge runed translucent gate.
 48489 | Elf:2    | Found a huge runed translucent gate.
 48489 | Elf:2    | Found a huge runed translucent gate.
 48489 | Elf:2    | Found a huge runed translucent gate.
 48489 | Elf:2    | Found a huge runed translucent gate.
 49549 | Elf:2    | Bought the amulet "Rataij" {Reflect rElec rC+ Str+4 Dex+3
                  | SH+5} for 1248 gold pieces
 49709 | Elf:2    | Bought an ancient cloak for 247 gold pieces
 49709 | Elf:2    | Identified the +1 cloak of a bailey {Will- Str+2 SInv
                  | Stlth+} (You bought it in a shop on level 2 of the Elven
                  | Halls)
 50120 | Elf:3    | Entered Level 3 of the Elven Halls
 51785 | Elf:3    | Identified the +3 ring mail "Maith" {Rampage Int+3 Stlth+}
 54009 | Elf:3    | Identified Zecw's Grimoire of Flames and Evil
 54171 | Elf:3    | Identified the +6 quarterstaff of Extermination {drain,
                  | *Rage +Rage rF+}
 54473 | Shoals:1 | Entered Level 1 of the Shoals
 54655 | Orc:1    | Bought the +2 hood of the Assassin {Detection Stab+
                  | Stlth++} for 1680 gold pieces
 54655 | Orc:1    | Found the +2 hood of the Assassin {Detection Stab+ Stlth++}
 54780 | D:9      | Bought a +2 pair of gloves of archery for 215 gold pieces
 56368 | Shoals:2 | Noticed Ynga's ghost (adept OgVM)
 56379 | Shoals:2 | Found a runed translucent gate.
 56379 | Shoals:2 | Found a runed translucent gate.
 56379 | Shoals:2 | Found a runed translucent gate.
 56414 | Shoals:2 | Killed Ynga's ghost
 56761 | Shoals:2 | Identified a scroll of acquirement
 56762 | Shoals:2 | Acquired the +9 broad axe of the Beast {freeze, rC- Str+8
                  | SInv Stlth+}
 57059 | Shoals:2 | Reached skill level 10 in Throwing
 57083 | Shoals:2 | Reached XP level 22. HP: 208/222 MP: 21/21
 59575 | Shoals:4 | Entered Level 4 of the Shoals
 59715 | Shoals:4 | Got a transparent pewter ring
 59716 | Shoals:4 | Identified the ring "Vegusum" {*Drain rPois rN+ Will+
                  | Dex+2} (You found it on level 4 of the Shoals)
 60825 | Shoals:4 | Identified Kanaog's Handbook of Conjuration and Air
 61419 | Shoals:4 | Got a barnacled rune of Zot
 62343 | Vaults:5 | Entered Level 5 of the Vaults
 62343 | Vaults:5 | Noticed Bai Suzhen
 62421 | Vaults:5 | Noticed an ancient lich
 62436 | Vaults:5 | Killed an ancient lich
 62579 | Vaults:5 | Reached XP level 23. HP: 119/232 MP: 22/22
 63694 | Vaults:5 | Identified the +2 leather armour of the Vaults {Int-4 Dex+3
                  | Stlth+}
 63701 | Vaults:5 | Reached skill level 10 in Stealth
 63755 | Vaults:5 | Identified the +2 glaive "Duidonn" {holy, rPois Str-4 Int+2
                  | Dex+3}
 64655 | Vaults:5 | Killed Bai Suzhen
 65004 | Vaults:5 | Identified the Incunabulum of the Apothecary
 65284 | Vaults:5 | Identified the +11 spear of Valuable Assets {pain, rElec
                  | rF+ Str+2 SInv}
 65888 | Vaults:5 | Got a silver rune of Zot
 66472 | Vaults:5 | Reached XP level 24. HP: 245/245 MP: 22/22
 66606 | Vaults:5 | Bought the +8 orange crystal plate armour {Archmagi, Int+3
                  | Clar} for 2023 gold pieces
 66606 | Vaults:5 | Found the +8 orange crystal plate armour {Archmagi, Int+3
                  | Clar}
 66894 | Depths:1 | Entered Level 1 of the Depths
 66985 | Depths:1 | Found Buyshin's Weapon Emporium.
 66985 | Depths:1 | Found Leamy's Assorted Antiques.
 67242 | Depths:1 | Found a sparkling altar of Nemelex Xobeh.
 67652 | Depths:1 | Found a broken altar of Ashenzari.
 67802 | Depths:1 | Found a gateway to Hell.
 68202 | Depths:2 | Noticed a juggernaut
 68229 | Depths:2 | Killed a juggernaut
 68799 | Depths:2 | Reached XP level 25. HP: 255/255 MP: 22/22
 70323 | Depths:3 | Reached XP level 26. HP: 251/264 MP: 22/22
 70570 | Depths:3 | Found a one-way gate leading to the halls of Pandemonium.
 70674 | Depths:3 | Gained mutation: Your magical capacity is low. (-10% MP)
                  | [mutagenic glow]
 70748 | Depths:3 | Reached skill level 27 in Fighting
 71658 | Depths:4 | Identified the ring "Wuddi" {Wiz Slay+3}
 71716 | Depths:4 | Found the +5 robe of Misfortune {*Contam Harm *Corrode
                  | *Drain *Slow EV+5}
 72206 | Depths:4 | Found a one-way gate to the infinite horrors of the Abyss.
 72485 | Depths:3 | Bought a scroll of acquirement for 1300 gold pieces
 72485 | Depths:3 | Bought a scroll of acquirement for 1300 gold pieces
 72491 | Depths:3 | Acquired the ring "Ihedgh" {rF++ Will+ Dex+3 Stlth+}
 72492 | Depths:3 | Acquired a +6 vorpal broad axe
 72543 | Depths:5 | Entered Level 5 of the Depths
 72934 | Depths:5 | Found a gate to the Realm of Zot.
 73577 | Depths:5 | Noticed Margery
 73599 | Depths:5 | Killed Margery
 73716 | Depths:5 | Found a gateway to a ziggurat.
 73944 | Depths:5 | Reached XP level 27. HP: 266/273 MP: 19/19
 74107 | Depths:5 | Found Isiolaast's General Store.
 74776 | Orc:2    | Bought 2 potions of haste for 340 gold pieces
 74776 | Orc:2    | Bought a potion of haste for 170 gold pieces
 75071 | Temple   | Fell from the grace of Gozag
 75071 | Temple   | Became a worshipper of the Shining One
 75370 | Crypt:1  | Entered Level 1 of the Crypt
 75416 | Crypt:1  | Reached * piety under the Shining One
 75671 | Crypt:1  | Noticed Aizul
 75681 | Crypt:1  | Killed Aizul
 75760 | Crypt:1  | Reached ** piety under the Shining One
 75869 | Crypt:1  | Reached *** piety under the Shining One
 76303 | Crypt:2  | Reached **** piety under the Shining One
 76389 | Crypt:2  | Found the +6 Majin-Bo {vamp, MP+6 Int+6}
 76697 | Crypt:2  | Found a transporter.
 76698 | Crypt:2  | Reached ***** piety under the Shining One
 76700 | Crypt:2  | Noticed Dassydak's ghost (adept GrFi)
 76715 | Crypt:2  | Found a transporter.
 76750 | Crypt:2  | Reached skill level 15 in Throwing
 76780 | Crypt:2  | Killed Dassydak's ghost
 77128 | Crypt:3  | Entered Level 3 of the Crypt
 77164 | Crypt:3  | Noticed Jory
 77175 | Crypt:3  | Killed Jory
 77178 | Crypt:3  | Reached ****** piety under the Shining One
 77445 | Crypt:3  | Found a staircase to the Tomb.
 77683 | Crypt:3  | Found an ancient bone altar of Kikubaaqudgha.
 78081 | Crypt:3  | Noticed an ancient lich
 78098 | Crypt:3  | Killed an ancient lich
 78226 | Crypt:3  | Identified the Disquisition on Necromancy
 78245 | Crypt:3  | Got a wavering steel amulet
 78253 | Crypt:3  | Got a glittering tin ring
 78255 | Crypt:3  | Identified the ring "Ydoimapy" {rN+ Will+ Slay+3} (You
                  | found it on level 3 of the Crypt)
 78256 | Crypt:3  | Identified the amulet of Sofeirew {rF- Will++ Regen+ Str+4}
                  | (You found it on level 3 of the Crypt)
 78259 | Crypt:3  | Identified a +8 sacred scourge of holy wrath (a +6 demon
                  | whip of draining blessed by the Shining One)
 78259 | Crypt:3  | Received a gift from the Shining One
 78834 | Zot:1    | Entered Level 1 of the Realm of Zot
 79071 | Zot:1    | Reached skill level 1 in Invocations
 80258 | Zot:1    | Acquired 879 gold pieces
 80799 | Vaults:4 | You paid a toll of +3 storm dragon scales to enter a
                  | treasure trove
 80800 | Trove    | Entered a treasure trove
 80810 | Trove    | Got a scintillating zirconium amulet
 80812 | Trove    | Got a pitted marble ring
 80813 | Trove    | Identified the amulet of the Leaf {rElec Regen+ Str+6} (You
                  | found it in a treasure trove)
 80817 | Trove    | Got a glittering silver ring
 80819 | Trove    | Got a clouded wooden ring
 80821 | Trove    | Got a bound golden amulet
 80826 | Trove    | Got a flickering glass ring
 80828 | Trove    | Got a brightly glowing copper amulet
 80841 | Trove    | Identified the ring "Niow" {rPois rF+ rN++ MP+9 Int-3} (You
                  | found it in a treasure trove)
 80843 | Trove    | Identified the ring "Zian" {+Fly EV+4 Dex+8} (You found it
                  | in a treasure trove)
 80847 | Trove    | Identified the ring of Fieniosu {rElec Dex+6} (You found it
                  | in a treasure trove)
 80848 | Trove    | Identified the amulet of Heuj {Acrobat Fragile Str+8} (You
                  | found it in a treasure trove)
 80849 | Trove    | Identified the ring of the Jester {*Corrode rC+ Will+
                  | Str+4} (You found it in a treasure trove)
 80850 | Trove    | Identified the amulet of Morchoro {Reflect Slay+3 SH+5}
                  | (You found it in a treasure trove)
 80867 | Trove    | Got a twitching lead ring
 80868 | Trove    | Identified the ring "Micwyept" {+Blink Stlth+} (You found
                  | it in a treasure trove)
 81730 | Zot:2    | Reached skill level 5 in Invocations
 84021 | Zot:3    | Reached skill level 27 in Armour
 84248 | Zot:3    | Noticed an orb of fire
 84250 | Zot:3    | Gained mutation: You are clumsy. (Dex -2) [an orb of fire]
 84261 | Zot:3    | Gained mutation: You occasionally shout uncontrollably at
                  | your foes. [an orb of fire]
 84264 | Zot:3    | Gained mutation: Armour fits poorly on your strangely
                  | shaped body. [an orb of fire]
 84273 | Zot:3    | Killed an orb of fire
 84274 | Zot:3    | Was forgiven by Gozag
 85496 | Zot:4    | Reached skill level 10 in Invocations
 86264 | Zot:5    | Entered Level 5 of the Realm of Zot
 86481 | Zot:5    | Noticed an ancient lich
 86495 | Zot:5    | Noticed a dread lich
 86497 | Zot:5    | Killed an ancient lich
 86502 | Zot:5    | Killed a dread lich
 86695 | Zot:5    | Noticed an orb of fire
 86695 | Zot:5    | Noticed an ancient lich
 86696 | Zot:5    | Noticed an orb of fire
 86701 | Zot:5    | Noticed an orb of fire
 86706 | Zot:5    | Gained mutation: Your magical capacity is very low. (-20%
                  | MP) [an orb of fire]
 86711 | Zot:5    | Killed an ancient lich
 86717 | Zot:5    | Gained mutation: You tend to lose your temper in combat.
                  | [an orb of fire]
 86721 | Zot:5    | Gained mutation: You often lose your temper in combat. [an
                  | orb of fire]
 86722 | Zot:5    | Killed an orb of fire
 86725 | Zot:5    | Noticed an orb of fire
 86728 | Zot:5    | Killed an orb of fire
 86730 | Zot:5    | Gained mutation: Scrolls take you a little longer to read.
                  | [an orb of fire]
 86737 | Zot:5    | Gained mutation: You are occasionally teleported next to
                  | monsters. [an orb of fire]
 86738 | Zot:5    | Killed an orb of fire
 86742 | Zot:5    | Gained mutation: You are frail. (-10% HP) [an orb of fire]
 86743 | Zot:5    | Killed an orb of fire
 86924 | Zot:5    | Noticed a dread lich
 86937 | Zot:5    | Killed a dread lich
 86991 | Zot:5    | Noticed an orb of fire
 86998 | Zot:5    | Gained mutation: You are dopey. (Int -2) [an orb of fire]
 87002 | Zot:5    | Gained mutation: You are very clumsy. (Dex -4) [an orb of
                  | fire]
 87006 | Zot:5    | Noticed an orb of fire
 87008 | Zot:5    | Killed an orb of fire
 87017 | Zot:5    | HP: 11/245 [electric golem (8)]
 87641 | Zot:5    | Reached skill level 15 in Invocations
 87677 | Zot:5    | Killed an orb of fire
 87744 | Zot:5    | Upgraded the game from 0.27-a0-249-g74f53ef629 to
                  | 0.27-a0-262-gc50aac273e
 88941 | Slime:1  | Entered Level 1 of the Pits of Slime
 90409 | Slime:4  | Gained mutation: You have an uncontrollable temper. [a
                  | shining eye]
 90767 | Slime:5  | Entered Level 5 of the Pits of Slime
 90967 | Slime:5  | Lost mutation: You have an uncontrollable temper. [a
                  | shining eye]
 90986 | Slime:5  | Found a viscous altar of Jiyva.
 90988 | Slime:5  | Noticed the Royal Jelly
 91023 | Slime:5  | Killed the Royal Jelly
 91075 | Slime:5  | Found the +9 scales of the Dragon King {rPois rF+ rC+
                  | Will+}
 91171 | Slime:5  | Identified the Catalogue of Earth and Calling
 91174 | Slime:5  | Got a scorched copper ring
 91196 | Slime:5  | Got a slimy rune of Zot
 91199 | Slime:5  | Got a pair of bloodstained gloves
 91256 | Slime:5  | Identified Ceotige's Disquisition on Creative Stones
 91314 | Slime:5  | Identified the cursed +0 pair of gloves "Onifau" {Int+4
                  | Stlth-} (You found it on level 5 of the Pits of Slime)
 91503 | Slime:5  | Identified the ring "Usaumamowu" {rF+ rC+ Str+2 Dex-2} (You
                  | found it on level 5 of the Pits of Slime)
 91647 | Slime:5  | Lost mutation: You are dopey. (Int -2) [potion of mutation]
 91647 | Slime:5  | Lost mutation: Your spells are a little easier to cast, but
                  | a little less powerful. [potion of mutation]
 91647 | Slime:5  | Gained mutation: You have a pair of large horns on your
                  | head. [potion of mutation]
 91651 | Slime:5  | Lost mutation: Scrolls take you a little longer to read.
                  | [potion of mutation]
 91651 | Slime:5  | Lost mutation: You have a pair of large horns on your head.
                  | [potion of mutation]
 91651 | Slime:5  | Lost mutation: You are frail. (-10% HP) [potion of
                  | mutation]
 91651 | Slime:5  | Gained mutation: You have sharp toenails. [potion of
                  | mutation]
 91651 | Slime:5  | Gained mutation: You are robust. (+10% HP) [potion of
                  | mutation]
 91652 | Slime:5  | Lost mutation: Armour fits poorly on your strangely shaped
                  | body. [potion of mutation]
 91652 | Slime:5  | Lost mutation: You are very clumsy. (Dex -4) [potion of
                  | mutation]
 91652 | Slime:5  | Lost mutation: Your magical capacity is very low. (-20% MP)
                  | [potion of mutation]
 91652 | Slime:5  | Gained mutation: Your muscles are strong. (Str +2) [potion
                  | of mutation]
 91870 | Slime:5  | Lost mutation: Your muscles are strong. (Str +2) [a shining
                  | eye]
 92206 | Depths:1 | Lost mutation: You are occasionally teleported next to
                  | monsters. [potion of mutation]
 92206 | Depths:1 | Lost mutation: You have sharp toenails. [potion of
                  | mutation]
 92206 | Depths:1 | Lost mutation: You are clumsy. (Dex -2) [potion of
                  | mutation]
 92206 | Depths:1 | Lost mutation: Your magical capacity is low. (-10% MP)
                  | [potion of mutation]
 92206 | Depths:1 | Gained mutation: You have a pair of large horns on your
                  | head. [potion of mutation]
 92206 | Depths:1 | Gained mutation: You are partially covered in iridescent
                  | scales. (AC +2) [potion of mutation]
 92207 | Depths:1 | Lost mutation: You often lose your temper in combat.
                  | [potion of mutation]
 92207 | Depths:1 | Lost mutation: You have a pair of large horns on your head.
                  | [potion of mutation]
 92207 | Depths:1 | Lost mutation: You tend to lose your temper in combat.
                  | [potion of mutation]
 92207 | Depths:1 | Gained mutation: Your spells are a little easier to cast,
                  | but a little less powerful. [potion of mutation]
 92207 | Depths:1 | Gained mutation: You can translocate small distances at
                  | will. [potion of mutation]
 92638 | Hell     | Entered the Vestibule of Hell
 92638 | Hell     | Noticed Geryon
 92979 | Hell     | Killed Geryon
 93269 | Hell     | Found a gateway to the ashen valley of Gehenna.
 93323 | Hell     | Found a gateway to the Iron City of Dis.
 93518 | Hell     | Found a gateway to the freezing wastes of Cocytus.
 93634 | Coc:1    | Entered Level 1 of Cocytus
 94330 | Coc:4    | Reached skill level 1 in Maces & Flails
 94397 | Coc:7    | Entered Level 7 of Cocytus
 95070 | Coc:7    | Reached skill level 5 in Maces & Flails
 95091 | Coc:7    | Noticed Antaeus
 95129 | Coc:7    | Killed Antaeus
 95675 | Coc:7    | Noticed the Serpent of Hell
 95694 | Coc:7    | Killed the Serpent of Hell
 96113 | Coc:7    | Got an icy rune of Zot
 96652 | Hell     | Found a gateway to the decaying netherworld of Tartarus.
 96684 | Tar:1    | Entered Level 1 of Tartarus
 97881 | Tar:5    | Noticed an ancient lich
 97896 | Tar:5    | Killed an ancient lich
 98274 | Tar:7    | Entered Level 7 of Tartarus
 99218 | Tar:7    | Noticed Ereshkigal
 99228 | Tar:7    | Reached skill level 27 in Dodging
 99238 | Tar:7    | Killed Ereshkigal
 99381 | Tar:7    | Got a bone rune of Zot
 99803 | Dis:1    | Entered Level 1 of the Iron City of Dis
100113 | Dis:2    | Learned a level 2 spell: Swiftness
100115 | Dis:2    | Learned a level 1 spell: Apportation
100121 | Dis:2    | Learned a level 2 spell: Blink
100145 | Dis:2    | Learned a level 2 spell: Passwall
100162 | Dis:2    | Learned a level 4 spell: Passage of Golubria
100311 | Dis:2    | Reached skill level 1 in Transmutations
100311 | Dis:2    | Reached skill level 1 in Earth Magic
100313 | Dis:2    | Reached skill level 1 in Translocations
100321 | Dis:2    | Reached skill level 1 in Air Magic
100364 | Dis:2    | Reached skill level 1 in Spellcasting
100863 | Dis:7    | Entered Level 7 of the Iron City of Dis
100934 | Dis:7    | Found the +3 sling "Punk" {acid, rCorr}
101567 | Dis:7    | Gained mutation: Scrolls take you a little longer to read.
                  | [a cacodemon]
101638 | Dis:7    | Identified the ring "Xeih" {+Fly rPois rN+ Int-4 Slay+4}
102265 | Dis:7    | Lost mutation: You are robust. (+10% HP) [a cacodemon]
102740 | Dis:7    | Reached skill level 5 in Transmutations
102748 | Dis:7    | Reached skill level 5 in Earth Magic
102839 | Dis:7    | Found the +4 staff of Dispater
102839 | Dis:7    | Identified the amulet "Rul Beor" {Spirit rPois rC+ Dex+4}
102839 | Dis:7    | Noticed Dispater
103278 | Dis:7    | Reached skill level 5 in Translocations
103285 | Dis:7    | Reached skill level 5 in Air Magic
103657 | Dis:7    | Killed Dispater
103669 | Dis:7    | Identified the Tome of the Birds
103674 | Dis:7    | Got an iron rune of Zot
104125 | Geh:1    | Entered Level 1 of Gehenna
104423 | Geh:3    | Reached skill level 5 in Spellcasting
105214 | Geh:7    | Entered Level 7 of Gehenna
105760 | Geh:7    | Found the +7 sceptre of Asmodeus
105760 | Geh:7    | Noticed Asmodeus
105799 | Geh:7    | HP: 8/273 [Asmodeus/damnation (31)]
105804 | Geh:7    | Killed Asmodeus
105963 | Geh:7    | Got a wavering ivory ring
105969 | Geh:7    | Identified the ring of the Trout {Wiz Str+4} (You found it
                  | on level 7 of Gehenna)
105993 | Geh:7    | Got a transparent jade ring
105996 | Geh:7    | Identified the ring of Divine Compulsion {Wiz +Inv rN+}
                  | (You found it on level 7 of Gehenna)
106222 | Geh:7    | Got an obsidian rune of Zot
107024 | Tomb:1   | Entered Level 1 of the Tomb of the Ancients
107032 | Tomb:1   | Lost mutation: You occasionally shout uncontrollably at
                  | your foes. [potion of mutation]
107032 | Tomb:1   | Gained mutation: You are agile. (Dex +2) [potion of
                  | mutation]
107032 | Tomb:1   | Gained mutation: Your mind is acute. (Int +2) [potion of
                  | mutation]
107032 | Tomb:1   | Gained mutation: Your muscles are strong. (Str +2) [potion
                  | of mutation]
107032 | Tomb:1   | Gained mutation: You are robust. (+10% HP) [potion of
                  | mutation]
107176 | Tomb:1   | Noticed Boris
107190 | Tomb:1   | Killed Boris
107639 | Tomb:1   | Noticed a royal mummy
107649 | Tomb:1   | Killed a royal mummy
108155 | Tomb:1   | Noticed a royal mummy
108171 | Tomb:1   | Killed a royal mummy
108216 | Tomb:1   | Noticed a royal mummy
108233 | Tomb:1   | Killed a royal mummy
108984 | Tomb:2   | Noticed a royal mummy
108984 | Tomb:2   | Noticed a royal mummy
108991 | Tomb:2   | Killed a royal mummy
108996 | Tomb:2   | Noticed a royal mummy
108999 | Tomb:2   | Noticed a royal mummy
109002 | Tomb:2   | Killed a royal mummy
109013 | Tomb:2   | Killed a royal mummy
109029 | Tomb:2   | Killed a royal mummy
109055 | Tomb:2   | Noticed an ancient lich
110247 | Tomb:3   | Entered Level 3 of the Tomb of the Ancients
110289 | Tomb:3   | Noticed a royal mummy
110293 | Tomb:3   | Killed a royal mummy
110293 | Tomb:3   | Noticed a royal mummy
110299 | Tomb:3   | Killed a royal mummy
110300 | Tomb:3   | Noticed a royal mummy
110302 | Tomb:3   | Noticed a royal mummy
110303 | Tomb:3   | Killed a royal mummy
110306 | Tomb:3   | Noticed a royal mummy
110308 | Tomb:3   | Noticed a royal mummy
110322 | Tomb:3   | Killed a royal mummy
110323 | Tomb:3   | Noticed a royal mummy
110324 | Tomb:3   | Killed a royal mummy
110325 | Tomb:3   | Noticed a royal mummy
110327 | Tomb:3   | HP: 7/300 [royal mummy/divine providence (12)]
110329 | Tomb:3   | Mangled by an ancient champion

Illustrated notes

Levels and vault maps discovered:
D:1:      ncdulo_smallfort, layout_rooms, serial_forest,
          infiniplex_forest_lined_2, infiniplex_forest_straight_5,
          infiniplex_forest_pool, infiniplex_forest_lined_4_way,
          infiniplex_forest_straight_1
D:2:      layout_basic, chequers_ecumenical_altar_grove, bloody_makhleb,
          uniq_robin
D:3:      layout_loops_ring, uniq_jessica, uniq_crazy_yiuf_cottage
D:4:      layout_rooms, gammafunk_ghost_nasty_kobolds, uniq_pikel
D:5:      layout_basic, kennysheep_mini, minmay_temple_entry_offerings,
          minmay_misc_feat_encased, chequers_serial_rivers_room_b
D:6:      layout_loops_ring, cheibrodos_sewer_entry_drain, uniq_prince_ribbit1,
          uniq_eustachio
D:7:      layout_rooms, kiku_gazebo_pond_becter, due_unseen_surprise
D:8:      layout_cave_pods, gammafunk_temple_overflow_wave,
          general_overflow_altar, uniq_psyche, uniq_grum
D:9:      layout_loops_cross, nicolae_overflow_crystal_walls, dpeg_oklobed_lair,
          uniq_joseph
D:10:     layout_roguey, nzn_random_ring
D:11:     minmay_the_grid_octo_tiled_octocenter_mashed
          [minmay_the_grid_octo_checkerflower, minmay_the_grid_octo_empty,
          minmay_the_grid_octo_empty, minmay_the_grid_octo_chip,
          minmay_the_grid_octo_prize_single_spiral,
          minmay_the_grid_square_5x5_hourglass,
          minmay_the_grid_square_5x5_bracketed,
          minmay_the_grid_square_5x5_tri_point,
          minmay_the_grid_square_5x5_fancy_junction], layout_rooms, uniq_sonja
D:12:     layout_rooms, zombieorc2_lemuel
D:13:     layout_stronghold, hangedman_vaults_entry_quadrant_bands,
          enter_bailey_5
D:14:     layout_rooms, basic_altar, abandoned_shop,
          minmay_fractal_squares_gapless_7
D:15:     grunt_enter_depths_hoard, layout_grid_maze, grunt_decor_arrowhead
Temple:   regret_index_temple_sphere_string
Lair:1:   layout_regular_city, lemuel_fruit_tree, minmay_lair_oklob_chamber,
          grunt_megastairs_4, serial_bayou_shore_b
Lair:2:   layout_chaotic_city, serial_bayou_pond_c, beast_lair_carwin_4,
          uniq_harold, uniq_gastronok, uniq_urug
Lair:3:   lemuel_slime, layout_regular_city, spider_nest_entry_rubble,
          uniq_rupert, uniq_nergalle
Lair:4:   layout_gridlike, minmay_shoals_entry_lonely_mermaid, basic_altar,
          nzn_sisyphean_effort
Lair:5:   layout_layer_cave, slime_dummy, minmay_lindwurm_lava
Lair:6:   gammafunk_lair_ancient_temple, layout_regular_city, st_stairs_7,
          serial_bayou_shore_b
Shoals:1: layout_shoals
Shoals:2: layout_shoals, gammafunk_ghost_split
Shoals:3: layout_shoals
Shoals:4: shoals_end_grunt_ice, layout_shoals, nicolae_shoals_cliffside_cave
Spider:1: layout_spider_delve, portal_ice_cave_entry_dragon
Spider:2: layout_chambers, nicolae_spider_cling_halls, uniq_louise
Spider:3: layout_spider_delve
Spider:4: spider_rune_water
Slime:1:  layout_caves
Slime:2:  layout_caves
Slime:3:  layout_caves
Slime:4:  layout_caves
Slime:5
Orc:1:    cheibrodos_orc_arena, layout_diamond_mine, serial_shops, shop,
          nicolae_orc_sculptors_studio
Orc:2:    st_orc_open, layout_diamond_mine
Elf:1:    eino_elf_arrival_the_gate, layout_loops_cross, serial_shops, shop,
          shop, shop_coins, nicolae_shop_trees, shop, hangedman_elf_disciples,
          minmay_misc_feat_rows
Elf:2:    layout_gridlike, minivault_14, einodemon_barbed_minivault
Elf:3:    minmay_elf_hall_dome, layout_rooms, hangedman_elf_represent
Vaults:1: nicolae_vaults_disjoint_gnomons, ontoclasm_vaults_ring_small,
          nicolae_vaults_network_s, ontoclasm_vaults_fault, v_misc_4, v_misc_5,
          ontoclasm_vaults_pinch, vaults_room_grid, ontoclasm_vaults_ring_small,
          grunt_vaults_hallway_short, layout_vaults_omnigrid, serial_shops,
          shop, uniq_donald
Vaults:2: v_misc_15, vaults_room_hangedman_quadrants,
          nicolae_vaults_shelves_hall, minmay_crypt_entry_necro_gods,
          nicolae_vaults_little_squares_4, grunt_vaults_funnel,
          ontoclasm_vaults_chip, v_pattern_4, nicolae_vaults_diagonal_hallway_7,
          nicolae_vaults_yaktaur_gun_rack, vaults_mumra_hex,
          layout_vaults_chaotic_city, basic_altar
Vaults:3: nicolae_vaults_circle_grid_b, ontoclasm_vaults_claustrophobia,
          grunt_vaults_twisty, vaults_dpeg_hooks, v_misc_17,
          nicolae_vaults_little_squares_5, st_quartered_hall,
          nicolae_vaults_network_barrier, vaults_room_stairs_pillars,
          layout_vaults_omnibox
Vaults:4: v_pattern_5, vaults_room_semicircle, nicolae_vaults_network_square,
          v_misc_11, v_misc_13, hangedman_vaults_stretched_pinwheel,
          nicolae_vaults_stairing_the_circle, nicolae_vaults_back_hallway,
          hangedman_vaults_stretched_pinwheel, ontoclasm_vaults_chip,
          nicolae_vaults_three_branches, layout_vaults_ring, enter_trove_5
Vaults:5: uniq_bai_suzhen
Crypt:1:  layout_basic, uniq_aizul
Crypt:2:  minmay_guarded_unrand_majin_bo, layout_gridlike, serial_corexii_hall,
          corexii_hall_statues_t, corexii_hall_statues_i,
          chequers_hall_statues_y, corexii_hall_statues_t, gammafunk_ghost_arena
Crypt:3:  church_of_pain_bobbens, layout_chaotic_city, tomb_entry_shell_bobbens,
          uniq_jory
Tomb:1:   uniq_boris
Tomb:2
Tomb:3
Depths:1: layout_long_grid, hell_entry, nicolae_ashenzari_panopticon,
          nemelex_diamond_rough_becter, minmay_shoptagon
Depths:2: grunt_deathspiral_large, layout_gridlike,
          pf_vacation_house_of_asmodeus
Depths:3: hangedman_crystal_crosses_colossus [crystal_crosses_arms_four,
          crystal_crosses_arms_four, crystal_crosses_arms_two,
          crystal_crosses_arms_two], pan_entry, serial_shops, hell_entry
Depths:4: minmay_concentric_multi, layout_small_grid, hell_entry, abyss_entry
Depths:5: grunt_x_marks_the_spot, layout_basic, enter_ziggurat_e,
          grunt_metal_band, grunt_pan_entry_spiral, abyss_entry, serial_shops,
          nicolae_shop_crystal
Hell
Dis:1:    layout_regular_city, grunt_megastairs_5
Dis:2:    hangedman_iron_city_apartments, layout_regular_city
Dis:3:    layout_subdivisions
Dis:4:    layout_regular_city
Dis:5:    layout_chaotic_city
Dis:6:    layout_gridville, grunt_megastairs_3
Dis:7:    dis_hangedman
Geh:1:    layout_gehenna_pools_basic
Geh:2:    layout_gehenna_pools_triple
Geh:3:    layout_gehenna_pools_box
Geh:4:    layout_gehenna_lava_caves
Geh:5:    layout_gehenna_pools_basic
Geh:6:    layout_gehenna_pools_basic
Geh:7:    geh_mu
Coc:1:    layout_cocytus_water_paths
Coc:2:    layout_cocytus_water_paths
Coc:3:    layout_cocytus_water_paths
Coc:4:    layout_ice_bergs
Coc:5:    layout_cocytus_water_paths, lemuel_elevator
Coc:6:    layout_cocytus_water_paths
Coc:7:    coc_mu
Tar:1:    layout_grid_maze
Tar:2:    layout_honeycomb
Tar:3:    layout_catacombs
Tar:4:    layout_cathedral_of_symmetry, grunt_megastairs_2
Tar:5:    layout_catacombs
Tar:6:    layout_grid_maze
Tar:7:    tar_minmay_river
Zot:1:    nicolae_zot_stationary_front, layout_gridlike, grunt_megastairs_1
Zot:2:    layout_gridville, hangedman_zot_decor_unnerving_road,
          lemuel_flame_loot_1
Zot:3:    layout_twisted_circle
Zot:4:    layout_gridlike, grunt_ministairs_14
Zot:5:    layout_twisted_circle

Skill      XL: |  1  2  3  4  5  6  7  8  9 10 11 12 13 14 15 16 17 18 19 20 21 22 23 24 25 26 27 |
---------------+----------------------------------------------------------------------------------+-----
Fighting       | 4 5 6 7 8 10 11 12 13 14 16 17 18 20 21 22 24 25 26 27 | 27.0
Axes           | 3 4 5 6 7 8 10 11 12 14 15 16 17 18 19 20 | 20.0
Dodging        | 1 2 3 4 5 6 7 9 10 11 12 13 14 15 16 17 18 19 20 27 | 27.0
Armour         | 4 5 6 7 8 9 10 11 12 14 15 16 17 18 19 20 21 23 27 | 27.0
Shields        | 4 5 6 7 8 9 10 11 12 13 15 | 15.0
Evocations     | 1 3 4 5 6 7 |  7.0
Stealth        | 2 4 6 8 9 10 | 10.9
Throwing       | 5 8 10 11 12 13 14 21 | 21.7
Invocations    | 26 | 26.9
Maces & Flails | 9 |  9.6
Transmutations | 8 |  8.9
Earth Magic    | 7 |  7.6
Translocations | 8 |  8.1
Air Magic      | 9 |  9.1
Spellcasting   | 7 |  7.5

Action                   |  1- 3 |  4- 6 |  7- 9 | 10-12 | 13-15 | 16-18 | 19-21 | 22-24 | 25-27 || total
-------------------------+-------+-------+-------+-------+-------+-------+-------+-------+-------++-------
Melee: War axe           |    81 |    99 |   354 |   675 |  1455 |  1355 |  1953 |       |       ||  5972
       Headbutt          |     6 |    12 |    70 |   141 |   358 |   320 |   482 |   356 |  2327 ||  4072
       Whip              |       |       |       |       |    61 |    17 |       |       |       ||    78
       Broad axe         |       |       |       |       |       |       |   129 |  1193 |  2623 ||  3945
       Sacred scourge    |       |       |       |       |       |       |       |       |  4002 ||  4002
Throw: Javelin           |       |       |       |       |       |       |       |    13 |    13 ||    26
 Cast: Blink             |       |       |       |       |       |       |       |       |     3 ||     3
Invok: Call Merchant     |       |       |       |     2 |     4 |     1 |     2 |     2 |     1 ||    12
       Cleansing Flame   |       |       |       |       |       |       |       |       |    93 ||    93
       Summon Divine War |       |       |       |       |       |       |       |       |    42 ||    42
       Divine Shield     |       |       |       |       |       |       |       |       |     3 ||     3
       Brand Weapon With |       |       |       |       |       |       |       |       |     1 ||     1
Evoke: Wand              |       |       |       |    20 |       |     1 |     4 |       |       ||    25
  Use: Scroll            |       |     4 |     6 |     5 |    11 |    15 |    20 |     9 |    63 ||   133
       Potion            |       |       |       |     2 |     2 |     4 |     9 |     7 |    31 ||    55
 Stab: Distracted        |       |       |     2 |     5 |     7 |     4 |    19 |    26 |    14 ||    77
       Sleeping          |       |       |       |       |    10 |       |    12 |    12 |       ||    34
       Held in net/web   |       |       |       |       |       |     2 |       |       |       ||     2
       Invisible         |       |       |       |       |       |       |     5 |       |       ||     5
Armor: Scale mail        |     3 |       |       |       |       |       |       |       |       ||     3
       Leather armour    |    36 |    36 |    85 |       |       |       |       |       |       ||   157
       Ring mail         |       |       |    34 |   283 |   375 |     9 |   169 |   202 |       ||  1072
       Chain mail        |       |       |       |       |    39 |   517 |   344 |       |       ||   900
       Crystal plate arm |       |       |       |       |       |       |       |   130 |  1958 ||  2088
Dodge: Dodged            |    23 |    43 |   113 |   304 |   564 |   604 |   649 |   510 |  2752 ||  5562
Block: Kite shield       |    47 |    53 |   194 |   389 |   918 |   956 |  1329 |  1114 |  5324 || 10324
       Reflection        |       |       |       |       |       |       |    20 |    70 |   101 ||   191

Table legend: (Time is in decaauts)
 A = Elapsed time spent in this place.
 B = Non-inter-level travel time spent in this place.
 C = Inter-level travel time spent in this place.
 D = Time resting spent in this place.
 E = Time spent auto-exploring this place.
 F = Levels seen in this place.
 G = Mean time per level.
                   A        B        C        D        E       F      G
               +--------+--------+--------+--------+--------+-----+--------+
         Total | 102775 |  94908 |   7867 |  27057 |  44249 |  94 | 1093.4 |
       Dungeon |  17506 |  14464 |   3042 |   2481 |   8519 |  15 | 1167.1 |
        Temple |    213 |    134 |     79 |      0 |    113 |   1 |  213.0 |
          Lair |  11345 |  10426 |    919 |   4279 |   4302 |   6 | 1890.8 |
        Shoals |   6837 |   6619 |    218 |   2783 |   2383 |   4 | 1709.2 |
   Spider Nest |   5164 |   4982 |    182 |    995 |   2928 |   4 | 1291.0 |
    Slime Pits |   2617 |   2568 |     49 |   1961 |     58 |   5 |  523.4 |
  Orcish Mines |   2246 |   1845 |    401 |    331 |    941 |   2 | 1123.0 |
   Elven Halls |   7389 |   7268 |    121 |   3203 |   2571 |   3 | 2463.0 |
        Vaults |  13082 |  12259 |    823 |   3873 |   5439 |   5 | 2616.4 |
         Crypt |   2764 |   2600 |    164 |      0 |   1865 |   3 |  921.3 |
          Tomb |   3080 |   3080 |      0 |   1865 |    538 |   3 | 1026.7 |
        Depths |   8578 |   7435 |   1143 |   1184 |   4640 |   5 | 1715.6 |
          Hell |    739 |    714 |     25 |    137 |    241 |   1 |  739.0 |
           Dis |   3604 |   3585 |     19 |    647 |   1679 |   7 |  514.9 |
       Gehenna |   2146 |   2073 |     73 |    287 |    721 |   7 |  306.6 |
       Cocytus |   2522 |   2331 |    191 |    467 |    648 |   7 |  360.3 |
      Tartarus |   2588 |   2507 |     81 |     74 |   1481 |   7 |  369.7 |
           Zot |   7926 |   7596 |    330 |   1931 |   4108 |   5 | 1585.2 |
         Trove |     77 |     77 |      0 |      0 |      1 |   1 |   77.0 |
         Sewer |    602 |    602 |      0 |      0 |    392 |   1 |  602.0 |
        Bailey |    235 |    235 |      0 |      0 |    138 |   1 |  235.0 |
      Ice Cave |   1505 |   1505 |      0 |    552 |    533 |   1 | 1505.0 |
               +--------+--------+--------+--------+--------+-----+--------+

Top non-repeatable levels by time:
Vaults:5: 4064 daAuts
   Elf:3: 3864 daAuts
   Dis:7: 2767 daAuts
Vaults:3: 2713 daAuts
Vaults:4: 2711 daAuts
  Lair:2: 2457 daAuts
   Elf:2: 2450 daAuts
Vaults:2: 2188 daAuts
  Lair:5: 2178 daAuts
Shoals:2: 2100 daAuts
Spider:4: 2078 daAuts
  Lair:3: 2061 daAuts
Depths:2: 2004 daAuts
     D:9: 1998 daAuts
Shoals:4: 1996 daAuts
